 Dungeon Crawl Stone Soup version 0.32-a0-361-g289a535e89 (webtiles) character file.

Game seed: 9150586073840070001

107 PriceMaster the Magician (level 4, 0/21 HPs)
             Began as a Spriggan Conjurer on Feb 19, 2024.
             Succumbed to poison
             ... on level 2 of the Dungeon.
             The game lasted 00:03:36 (1987 turns).

PriceMaster the Magician (Spriggan Conjurer)        Turns: 1987, Time: 00:03:36

Health: 0/21       AC:  2    Str:  2 (3)  XL:     4   Next: 56%
Magic:  2/10       EV: 17    Int: 18 (21) God:
Gold:   89         SH:  0    Dex: 12 (13) Spells: 3/10 levels left

rFire   . . .        c - staff of conjuration
rCold   . . .        (shield currently unavailable)
rNeg    . . .        a - +0 robe
rPois   .            (helmet restricted)
rElec   .            (no cloak)
rCorr   .            (gloves unavailable)
SInv    +            (boots unavailable)
Will    +....        (no amulet)
Stlth   ++           (no ring)
HPRegen 0.23/turn    (no ring)
MPRegen 0.12/turn

%: no passive effects
@: lethally poisoned (0 -> -10), enlightened, flying, very slightly
contaminated, hasted, very quick
A: very small, no large weapons, unfitting armour, see invisible, speed 3
a: no special abilities


You were on level 2 of the Dungeon.
You visited 1 branch of the dungeon, and saw 2 of its levels.

You collected 89 gold pieces.

Inventory:

Armour
 a - a +0 robe (worn)
Magical Staves
 c - a staff of conjuration (weapon)
Jewellery
 f - an amulet of faith
Scrolls
 d - 2 scrolls of vulnerability {unknown}
 g - a scroll of enchant armour {unknown}
 h - a scroll of identify {unknown}
 i - a scroll of amnesia {unknown}
 j - a scroll of immolation {unknown}
 o - 3 scrolls of fog {unknown}
 p - a scroll of blinking {unknown}
Potions
 b - 2 potions of magic


   Skills:
 + Level 2.9 Dodging
 + Level 3.3 Stealth
 * Level 3.8 Spellcasting
 + Level 3.8 Conjurations
 + Level 0.1 Alchemy
 * Level 2.0 Evocations


You had 3 spell levels left.
You knew the following spells:

 Your Spells              Type           Power      Damage    Failure   Level
a - Magic Dart            Conj           100%       1d8       3%          1
b - Searing Ray           Conj           50%        2d6       4%          2
c - Fulminant Prism       Conj/Alch      8%         3d7       54%         4

Your spell library contained the following spells:

 Spells                   Type           Power      Damage    Failure   Level
 Kiss of Death            Conj/Necr      60%        2d10      7%          1
 Confusing Touch          Hex            3%         N/A       41%         3
 Iskenderun's Mystic Bla  Conj/Tloc      15%        2d5       56%         4
 Dispel Undead            Necr           3%         3d7       83%         4


Dungeon Overview and Level Annotations

Branches:
Dungeon (2/15)

Altars:

Annotations:
D:2 Crazy Yiuf


Innate Abilities, Weirdness & Mutations

You are very small and have problems with some larger weapons.
You are too small for most types of armour.
You have supernaturally acute eyesight. (SInv)
You cover ground extremely quickly. (Speed+++)


Message History

Casting: Fulminant Prism (astonishingly dangerous; 47% risk of failure)
Confirm with . or Enter, or press ? or * to list all spells.
Aiming: Fulminant Prism (astonishingly dangerous; 47% risk of failure)
Press: ? - help, Dir - move target You feel a surge of power!
You conjure a prism of explosive energy!
Crazy Yiuf shouts!
A fulminant prism comes into view.
Crazy Yiuf hits your fulminant prism with a +3 quarterstaff of chaos!
Your fulminant prism detonates feebly.
Casting: Fulminant Prism (astonishingly dangerous; 47% risk of failure)
Confirm with . or Enter, or press ? or * to list all spells.
Aiming: Fulminant Prism (astonishingly dangerous; 47% risk of failure)
Press: ? - help, Dir - move target You feel a surge of power!
You miscast Fulminant Prism.
You are very lightly contaminated with residual magic.
There is a flash of cinnabar.
You are lethally poisoned!
You feel extremely sick.
Unknown command.
It was a potion of haste.
You feel yourself speed up.
You feel very sick.
It was a potion of degeneration.
There was something very wrong with that liquid.
You feel weakened.
You feel dopey.
You feel clumsy.
You feel very sick.
It was a potion of enlightenment.
You feel very buoyant.
You fly up into the air.
* * * LOW HITPOINT WARNING * * *
You feel very sick.
Okay, then.
As you read the scroll labelled GUINUN YQEIMY, it crumbles to dust.
You feel aware of your surroundings.
It was a scroll of revelation.
* * * LOW HITPOINT WARNING * * *
You feel sick.
Okay, then.
Aiming: Dig
Press: ? - help, Shift-Dir - straight line A rock wall.
The rock shatters into small pieces.
The now-empty wand crumbles to dust.
You die...

# #.##.# # # ######.##.#####
# # ######.##.##############
# ######.##..##.......##..
########
##############......##.#
.......#
##############...)..##.#
.......#
##############....).#..#
.......#
########.#............##
.......#
#...##g@#...........###
.......#
#...'.#.##.#........#
.......#
#)..###.###....#+####
.......# #######.######...#
)......# #######.#######.##
######## #######.#######.#
## #######.######.>#
.#########.#####.#####.#####
........##.# #.....#


You could see Crazy Yiuf.

Vanquished Creatures
  3 gnolls (D:2)
  3 adders (D:2)
  A dart slug (D:1)
  3 ball pythons
  2 giant cockroaches
  5 goblins
  A hobgoblin (D:2)
  4 kobolds (D:2)
  A quokka (D:2)
  3 bats (D:2)
  3 frilled lizards
  2 rats (D:1)
31 creatures vanquished.

Vanquished Creatures (others)
  3 fulminant prisms (D:2)
3 creatures vanquished.

Grand Total: 34 creatures vanquished

Notes
Turn   | Place    | Note
-------+----------+-------------------------------------------
     0 | D:1      | PriceMaster the Spriggan Conjurer began the quest for the
                  | Orb.
     0 | D:1      | Reached XP level 1. HP: 9/9 MP: 5/5
   235 | D:1      | Reached XP level 2. HP: 13/13 MP: 4/6
   999 | D:2      | Reached skill level 1 in Evocations
   999 | D:2      | Reached XP level 3. HP: 16/16 MP: 5/8
  1004 | D:2      | Learned a level 2 spell: Searing Ray
  1223 | D:2      | Reached XP level 4. HP: 10/21 MP: 2/10
  1493 | D:2      | Learned a level 4 spell: Fulminant Prism
  1612 | D:2      | Found a runed translucent door.
  1613 | D:2      | Noticed Crazy Yiuf
  1987 | D:2      | Succumbed to poison

Illustrated notes

Levels and vault maps discovered:
D:1:      minmay_arrival_radiant_lines, layout_loops_ring, dk_noncrumbling_2
D:2:      layout_basic, minmay_fractal_squares_gapless_5,
          uniq_crazy_yiuf_cottage

Skill      XL: |  1  2  3  4 |
---------------+-------------+-----
Conjurations   | 3 |  3.8
Spellcasting   | 3 |  3.8
Evocations     | 1 2 |  2.0
Dodging        | |  2.9
Stealth        | |  3.3
Alchemy        | |  0.1

Action                     |  1- 3 |  4- 6 || total
---------------------------+-------+-------++-------
  Melee: Staff             |     6 |     8 ||    14
   Cast: Magic Dart        |    31 |    12 ||    43
         Searing Ray       |     3 |     1 ||     4
         Fulminant Prism   |       |     3 ||     3
  Evoke: Wand              |       |     1 ||     1
    Use: Potion            |       |     3 ||     3
         Scroll            |       |     1 ||     1
 Armour: Robe              |     6 |     9 ||    15
  Dodge: Dodged            |     8 |    26 ||    34

Table legend: (Time is in decaauts)
 A = Elapsed time spent in this place.
 B = Non-inter-level travel time spent in this place.
 C = Inter-level travel time spent in this place.
 D = Time resting spent in this place.
 E = Time spent auto-exploring this place.
 F = Levels seen in this place.
 G = Mean time per level.
                   A        B        C        D        E       F      G
               +--------+--------+--------+--------+--------+-----+--------+
         Total |   1500 |   1487 |     13 |    267 |   1060 |   2 |  750.0 |
       Dungeon |   1500 |   1487 |     13 |    267 |   1060 |   2 |  750.0 |
               +--------+--------+--------+--------+--------+-----+--------+

Top non-repeatable levels by time:
     D:2: 989 daAuts
     D:1: 510 daAuts
